 Seeded DCSS version 0.29.1-15-g9cfb28693d (webtiles) character file.

Game seed: 16245865983455551772 (custom seed)

2688 Atreus the Cleaver (level 9, -5/73 (81) HPs)
             Began as a Palentonga Berserker on Mar 6, 2023.
             Was a Priest of Trog.
             Slain by Amaemon
             ... wielding a +0 demon whip of venom
              (8 damage)
             ... on level 8 of the Dungeon.
             The game lasted 00:14:08 (7522 turns).

Atreus the Cleaver (Palentonga Berserker)           Turns: 7522, Time: 00:14:11

HP:   -5/73 (81)    AC: 15    Str: 33 (34) XL:     9   Next: 38%
MP:   7/9           EV:  8    Int:  6 (9)  God:    Trog [***...]
Gold: 644           SH:  0    Dex: 10 (13) Spells: 8/8 levels left

rFire   + + .      SeeInvis +   c - +8 executioner's axe of Sloth {distort, SInv}
rCold   x . .      Faith    .   (shield currently unavailable)
rNeg    . . .      Spirit   .   g - +0 scale mail
rPois   +          Reflect  .   (no helmet)
rElec   +          Harm     .   A - scarf {+Inv}
rCorr   .          Rampage  .   s - +1 pair of gloves
Will    +....                   (no barding)
Stlth   ..........              f - amulet of regeneration
HPRegen 1.02/turn               z - ring of Lazerr {Fire rPois Str+2}
MPRegen 0.11/turn               y - ring "Vokug" {rElec rF+ Will+ Str+6 Dex+4}

@: on berserk cooldown, very slightly contaminated, slowed, drained, invisible,
curled up, very slow
A: large, rugged brown scales 3, see invisible, deformed body, roll 1, armoured
tail, reflexive curl
a: Rolling Charge, Renounce Religion, Evoke Invisibility, Berserk, Trog's Hand


You were on level 8 of the Dungeon.
You worshipped Trog.
Trog was most pleased with you.
You visited 1 branch of the dungeon, and saw 8 of its levels.

You collected 2092 gold pieces.
You spent 1448 gold pieces at shops.

Inventory:

Hand Weapons
 c - the +8 executioner's axe of Sloth (weapon) {distort, SInv}
   (You acquired it on level 1 of the Dungeon)

   It warps and distorts space around it, and may blink, banish, or inflict
   extra damage upon those it strikes.
   Unwielding it can cause banishment or high damage.
   SInv:      It lets you see invisible.
Armour
 g - a +0 scale mail (worn)
 p - a +0 kite shield
 s - a +1 pair of gloves (worn)
 A - a scarf of invisibility (worn)
Jewellery
 b - a +6 ring of intelligence
 d - a ring of willpower
 f - an amulet of regeneration (around neck)
 h - a +6 ring of intelligence
 i - a ring of ice
 y - the ring "Vokug" (right hand) {rElec rF+ Will+ Str+6 Dex+4}
   (You bought it in a shop on level 7 of the Dungeon)

   [ring of strength]

   Str:       It affects your strength (+6).
   Dex:       It affects your dexterity (+4).
   rF:        It protects you from fire.
   rElec:     It insulates you from electricity.
   Will:      It increases your willpower.
 z - the ring of Lazerr (left hand) {Fire rPois Str+2}
   (You bought it in a shop on level 7 of the Dungeon)

   [ring of fire]

   It enhances your fire magic.
   Str:       It affects your strength (+2).
   rF:        It protects you from fire.
   rC:        It makes you vulnerable to cold.
   rPois:     It protects you from poison.
Wands
 j - a wand of charming (11)
 m - a wand of roots (25)
 u - a wand of flame (53)
Scrolls
 k - a scroll of enchant weapon
 l - 2 scrolls of summoning
 n - 2 scrolls of immolation
 o - 7 scrolls of teleportation
 q - a scroll of butterflies
 r - a scroll of identify
 v - a scroll of poison {unknown}
 w - a scroll of amnesia
 B - a scroll of enchant armour {unknown}
Potions
 a - a potion of might
 e - a potion of flight
 x - a potion of attraction
 C - a potion of degeneration


   Skills:
 * Level 9.0 Fighting
 - Level 10.2 Axes
 - Level 1.5 Armour
 - Level 1.6 Dodging


You had 8 spell levels left.
You didn't know any spells.
Your spell library contained the following spells:

 Spells                   Type           Power      Damage    Failure   Level
 Sting                    Tmut/Pois      0%         1d3       69%         1
 Poisonous Vapours        Pois/Air       0%         N/A       83%         2
 Confusing Touch          Hex            0%         N/A       96%         3
 Olgreb's Toxic Radiance  Pois           0%         N/A       100%        4
 Yara's Violent Unravell  Hex/Tmut       0%         3d3       100%        5
 Enfeeble                 Hex            0%         N/A       100%        7
 Chain Lightning          Conj/Air       0%         N/A       100%        9
 Fire Storm               Conj/Fire      0%         5d1       100%        9
 Shatter                  Erth           0%         3d5*      100%        9


Dungeon Overview and Level Annotations

Branches:
Dungeon (8/15)             Temple (0/1) D:5
   Lair: D:8-11

Altars:
Cheibriados
Dithmenos
Hepliaklqana
Makhleb
Zin

Shops:
D:3 [   D:4 *:[   D:7 =

Annotations:
D:8 Amaemon, Maurice
Abyss:1 Natasha


Innate Abilities, Weirdness & Mutations

You are completely covered in rugged brown scales. (AC +3, +7% HP)
You have supernaturally acute eyesight. (SInv)
Armour fits poorly on your strangely shaped body.
You can roll at nearby foes to attack.
You have a long armoured tail.
You curl defensively after being hit. (AC +7*)


Message History

You feel better. The scorpion closely misses you.
Amaemon hits you with a +0 demon whip of venom!
* * * LOW HITPOINT WARNING * * *
Amaemon claws you.
* * * LOW HITPOINT WARNING * * *
Amaemon tail-slaps you but does no damage.
The orange demon closely misses you.
The scorpion stings you but does no damage.
You feel better.
The scorpion disappears in a puff of smoke!
The scorpion stings you but does no damage.
The orange demon stings you from afar.
* * * LOW HITPOINT WARNING * * *
Amaemon hits you with a +0 demon whip of venom.
* * * LOW HITPOINT WARNING * * *
Amaemon claws you but does no damage.
Amaemon tail-slaps you but does no damage.
The scorpion stings you but does no damage.
The orange demon barely misses you.
Amaemon hits you with a +0 demon whip of venom.
* * * LOW HITPOINT WARNING * * *
Amaemon claws you but does no damage. Amaemon closely misses you.
It was a potion of degeneration.
There was something very wrong with that liquid.
You feel weakened.
You feel dopey.
You feel clumsy.
The scorpion no longer looks unusually toxic.
The scorpion barely misses you. The orange demon stings you from afar!
* * * LOW HITPOINT WARNING * * *
Amaemon hits you with a +0 demon whip of venom.
* * * LOW HITPOINT WARNING * * *
Amaemon claws you but does no damage.
Amaemon tail-slaps you but does no damage.
Okay, then.
You feel drained.
You fade into invisibility!
You are very lightly contaminated with residual magic.
The scorpion barely misses you. The orange demon stings you from afar.
* * * LOW HITPOINT WARNING * * *
Amaemon hits you with a +0 demon whip of venom!
You die...

#########.#
#.........#
#.#######.#
#......##.#
######.##.####
#...#.......#
#.#.###.###.#
#s#.....#
#.#####
#@#######
#....<# #6#
####### #4#
#o#
.o....ss..#
o...........#
..........#.#
..######### #
.


You could see Amaemon (unable to see you), an orange demon (unable to see you),
3 scorpions and an orc (unable to see you).

Vanquished Creatures
  Sigmund (D:5)
  A water moccasin (D:6)
  An orc warrior (D:7)
  An ice beast (D:7)
  A black bear (D:5)
  An ogre (D:4)
  A phantom (D:6)
  2 centaurs
  A kobold brigand (D:6)
  4 bullfrogs
  2 necrophages
  5 scorpions
  4 wights (D:7)
  2 howler monkeys (D:7)
  2 orc priests
  A gnoll bouda (D:7)
  4 hounds
  An iron imp (D:4)
  Jessica (D:2)
  3 iguanas
  3 orc wizards
  Natasha (twice) (D:3)
  A hound skeleton (D:4)
  8 gnolls
  5 adders
  A white imp (D:5)
  A dart slug (D:5)
  14 orcs
  6 ball pythons
  3 bats
  8 endoplasms
  A giant cockroach (D:4)
  5 goblins
  8 hobgoblins
  12 kobolds
  4 quokkas
  3 frilled lizards
  7 rats
131 creatures vanquished.

Vanquished Creatures (others)
  12 fungi (D:8)
  24 plants
36 creatures vanquished.

Grand Total: 167 creatures vanquished

Notes
Turn   | Place    | Note
-------+----------+-------------------------------------------
     0 | D:1      | Atreus the Palentonga Berserker began the quest for the
                  | Orb.
     0 | D:1      | Reached XP level 1. HP: 19/19 MP: 1/1
    58 | D:1      | Identified 3 scrolls of acquirement
    58 | D:1      | Acquired a ring of willpower
    60 | D:1      | Acquired 1021 gold pieces
    62 | D:1      | Acquired the +8 executioner's axe of Sloth {distort, SInv}
   167 | D:1      | Found a faded altar of an unknown god.
   189 | D:1      | Reached XP level 2. HP: 25/25 MP: 2/2
  1242 | D:2      | Reached XP level 3. HP: 31/31 MP: 3/3
  1277 | D:2      | Noticed Jessica
  1278 | D:2      | Killed Jessica
  1279 | D:2      | Reached skill level 4 in Axes
  1740 | D:3      | Found Ymmy Ciutu's Antique Armour Shoppe.
  2188 | D:3      | Reached XP level 4. HP: 35/39 MP: 4/4
  2206 | D:3      | Reached XP level 5. HP: 25/44 MP: 5/5
  2484 | D:3      | Reached ** piety under Trog
  2485 | D:3      | Reached skill level 5 in Axes
  2584 | D:3      | Noticed Natasha
  2588 | D:3      | Killed Natasha
  2597 | D:3      | Noticed Natasha
  2600 | D:3      | Killed Natasha
  2725 | D:3      | Noticed Natasha
  2728 | D:3      | Banished Natasha
  3106 | D:4      | Found Gamycsypi's Antique Armour Boutique.
  3117 | D:4      | Found Tuuwolaw's General Store.
  3121 | D:4      | Reached XP level 6. HP: 51/52 MP: 6/6
  3158 | D:4      | Reached skill level 6 in Axes
  3453 | D:4      | Found a snail-covered altar of Cheibriados.
  3609 | D:4      | Found a burning altar of Makhleb.
  3614 | D:4      | Reached skill level 5 in Fighting
  3670 | D:4      | Found a shadowy altar of Dithmenos.
  3795 | D:4      | Gained mutation: You curl defensively after being hit. (AC
                  | +7*) [Palentonga growth]
  3795 | D:4      | Reached XP level 7. HP: 23/59 MP: 7/7
  4095 | D:4      | Found Koenoidu's Book Boutique.
  4288 | D:5      | Entered Level 5 of the Dungeon
  4289 | D:5      | Noticed Sigmund
  4290 | D:5      | Killed Sigmund
  4291 | D:5      | Reached skill level 7 in Axes
  4632 | D:5      | Reached skill level 8 in Axes
  4786 | D:5      | Reached XP level 8. HP: 68/68 MP: 8/8
  4839 | D:5      | Found a glowing silver altar of Zin.
  5205 | D:5      | Found a staircase to the Ecumenical Temple.
  5713 | D:6      | Acquired 620 gold pieces
  5738 | D:6      | Reached skill level 9 in Axes
  6115 | D:6      | Reached *** piety under Trog
  6667 | D:7      | Reached skill level 10 in Axes
  6668 | D:7      | Reached XP level 9. HP: 77/77 MP: 9/9
  6677 | D:7      | Found Dackej's Jewellery Shoppe.
  6698 | D:7      | Bought the ring "Vokug" {rElec rF+ Will+ Str+6 Dex+4} for
                  | 923 gold pieces
  6698 | D:7      | Bought the ring of Lazerr {Fire rPois Str+2} for 525 gold
                  | pieces
  7039 | D:7      | Found a hazy altar of Hepliaklqana.
  7405 | D:8      | Noticed Maurice
  7494 | D:8      | Noticed Amaemon
  7494 | D:8      | Noticed an orange demon
  7522 | D:8      | HP: 3/73 [orange demon[Amaemon] (4)]
  7522 | D:8      | Slain by Amaemon

Illustrated notes

Levels and vault maps discovered:
D:1:      minmay_arrival_hallway, layout_loops_corners, basic_ecumenical_altar,
          minmay_unequal
D:2:      layout_loops_ring, uniq_jessica
D:3:      layout_basic, serial_shops, nicolae_shop_advertising_works
          [nicolae_subvault_shop_adworks], minmay_shallow_snake_nest,
          uniq_natasha
D:4:      layout_rooms, grunt_dithmenos_smoke_and_mirrors,
          makhleb_blood_cavern_becter, slow_altar_1, serial_shops,
          nicolae_square_shop, nicolae_shop_temple_entry_statues_fountains,
          kennysheep_mini_moat, chequers_serial_rivers_large_a,
          minmay_fractal_squares_gapless_5
D:5:      layout_layer_cave, mainiacjoe_overflow_cross_hatched,
          lemuel_temple_firewalk_b, uniq_sigmund
D:6:      layout_basic
D:7:      layout_basic, nicolae_hepliaklqana_hazy_memory, serial_shops,
          nicolae_stop_n_shop_2
D:8:      layout_basic, nicolae_qazlal_style_of_elements,
          grunt_lair_entry_orc_guard_hut, uniq_amaemon, uniq_psyche,
          uniq_joseph, uniq_maurice

Skill      XL: |  1  2  3  4  5  6  7  8  9 |
---------------+----------------------------+-----
Axes           | 4 5 6 8 10 | 10.2
Fighting       | 4 5 6 7 9 |  9.0
Armour         | |  1.5
Dodging        | |  1.6

Action                   |  1- 3 |  4- 6 |  7- 9 || total
-------------------------+-------+-------+-------++-------
Melee: Hand axe          |    10 |       |       ||    10
       Executioner's axe |    44 |    80 |   111 ||   235
       Tailslap          |     5 |    11 |    14 ||    30
Invok: Berserk           |     1 |       |     2 ||     3
 Abil: Rolling Charge    |    20 |    21 |    26 ||    67
       Evoke Invisibilit |       |       |     1 ||     1
  Use: Scroll            |     3 |     5 |     8 ||    16
       Potion            |       |       |     8 ||     8
Armor: Animal skin       |     4 |       |       ||     4
       Scale mail        |     8 |    39 |    55 ||   102
Dodge: Dodged            |    30 |    40 |    58 ||   128
